 Dungeon Crawl Stone Soup version 0.17.1-1-g73c8601 (console) character file.

108 Kloppie the Skirmisher (level 4, 0/40 HPs)
             Began as a Ghoul Gladiator on Dec 25, 2015.
             Slain by an orc
             ... wielding a +0 war axe
              (5 damage)
             ... on level 3 of the Dungeon.
             The game lasted 00:03:21 (1810 turns).

Kloppie the Skirmisher (Ghoul Gladiator)            Turns: 1810, Time: 00:03:21

Health: 0/40       AC:  6    Str: 18    XL:     4   Next: 87%
Magic:  3/3        EV: 11    Int:  4    God:
Gold:   109        SH:  0    Dex:  9    Spells: 0 memorised, 3 levels left

rFire  + . .     SeeInvis .     a - +0 war axe
rCold  + . .     Clarity  .     u - +0 ring mail
rNeg   + + +     SustAt   .     (no shield)
rPois  ∞         Gourm    .     c - +0 helmet
rElec  .         Spirit   .     (no cloak)
rCorr  .         Warding  .     (no gloves)
rMut   .         Stasis   .     (no boots)
MR     .....                    i - amulet of faith
Stlth  ..........               v - ring of protection from fire
                                l - ring of flight

@: rotting, not resistant to hostile enchantments, extremely unstealthy
A: rotting body, claws 1, carnivore 3, cold resistance 1, negative energy
resistance 3, slow regeneration 1, torment resistance, unbreathing
a: Evoke Flight


You were on level 3 of the Dungeon.
You were not hungry.

You visited 1 branch of the dungeon, and saw 3 of its levels.

You collected 109 gold pieces.

Inventory:

Hand Weapons
 a - a +0 war axe (weapon)
Missiles
 d - 3 throwing nets (quivered)
Armour
 c - a +0 helmet (worn)
 u - a +0 ring mail (worn)
Jewellery
 i - an amulet of faith (around neck)
 l - a ring of flight (left claw)
 v - a ring of protection from fire (right claw)
Scrolls
 g - a scroll of fog {unknown}
 h - 2 scrolls of noise {unknown}
 r - a scroll of teleportation {unknown}
 s - a scroll of enchant armour {unknown}
 t - 2 scrolls of identify {unknown}
Potions
 f - a potion of cancellation {unknown}
 j - a potion of mutation {unknown}
 m - 2 potions of curing {unknown}
 n - a potion of degeneration {unknown}
 o - a potion of agility {unknown}
 q - a potion of flight {unknown}
Comestibles
 e - 6 meat rations
 p - a slice of pizza


   Skills:
 + Level 4.1 Fighting
 + Level 3.9 Axes
 - Level 1.7 Throwing
 - Level 2.6 Dodging


You had 3 spell levels left.
You didn't know any spells.

Dungeon Overview and Level Annotations

Branches:
Dungeon (3/15)

Altars:


Innate Abilities, Weirdness & Mutations

Your body is rotting away.
You thrive on raw meat.
You are immune to poison.
You have sharp fingernails.
You are carnivorous and can eat meat at any time.
Your flesh is cold resistant.
You are immune to negative energy.
You regenerate slowly when monsters are visible.
You are immune to unholy pain and torment.
You can survive without breathing.


Message History

You bump into the rock wall.
The orc hits you but does no damage.
You bump into the rock wall.
The orc hits you with a war axe.
An orc priest comes into view. It is wielding a trident.
You bump into the rock wall.
The orc hits you but does no damage.
An orc comes into view. It is wielding a hand axe.
You bump into the rock wall.
The orc shouts!
The orc hits you with a war axe!
You bump into the rock wall.
The orc hits you with a war axe.
You closely miss the orc.
You feel less confused. The orc hits you with a war axe!
* * * LOW HITPOINT WARNING * * *
You hit the orc.
The orc is heavily wounded.
The orc priest invokes the aid of Beogh against you.
Something smites you!
* * * LOW HITPOINT WARNING * * *
The orc hits you with a war axe.
You die...

#$# #.### #%..
#..# #..#
##########..#
#....<......#
#.#########.#
#.# #@# #.# #o#
#.# #o#
#.#########g#
#(.........o#
####..#########.
#............( .
#.##..######## .
# #..###


You could see an orc priest, an orc wizard, an orc and a goblin.

Vanquished Creatures
  Jessica (D:2)
  3 adders (D:2)
  An ooze (D:1)
  2 worms (D:2)
  2 ball pythons
  4 bats
  6 hobgoblins
  6 kobolds
  3 quokkas (D:2)
  2 giant cockroaches
  A giant gecko (D:1)
  6 giant newts
  6 goblins
  8 rats
51 creatures vanquished.

Notes
Turn   | Place    | Note
--------------------------------------------------------------
     0 | D:1      | Kloppie the Ghoul Gladiator began the quest for the Orb.
     0 | D:1      | Reached XP level 1. HP: 17/17 MP: 0/0
   163 | D:1      | Reached skill level 3 in Axes
   163 | D:1      | Reached XP level 2. HP: 13/25 MP: 1/1
   719 | D:1      | Reached XP level 3. HP: 24/30 MP: 2/2
  1354 | D:2      | Reached XP level 4. HP: 39/39 MP: 3/3
  1629 | D:2      | Noticed Jessica
  1636 | D:2      | Killed Jessica
  1636 | D:2      | Reached skill level 4 in Fighting
  1810 | D:3      | Slain by an orc

Action                   |  1- 3 |  4- 6 || total
-------------------------+-------+-------++-------
Melee: War axe           |   128 |    47 ||   175
  Use: Scroll            |       |     1 ||     1
  Eat: Chunk             |    10 |       ||    10
